 Dungeon Crawl Stone Soup version 0.23-a0-269-g65e0026 (webtiles) character file.

74 RoseArtemis the Gusty (level 4, -2/24 HPs)
             Began as a Deep Elf Air Elementalist on Sept 30, 2018.
             Slain by an orc priest
             ... wielding a +0 club
              (5 damage)
             ... on level 3 of the Dungeon.
             The game lasted 00:05:56 (2223 turns).

RoseArtemis the Gusty (Deep Elf Air Elementalist)   Turns: 2223, Time: 00:05:57

Health: -2/24      AC:  2    Str:  5    XL:     4   Next: 9%
Magic:  4/10       EV: 13    Int: 21    God:
Gold:   99         SH:  0    Dex: 15    Spells: 8/9 levels left

rFire    . . .     SeeInvis .   g - +2 short sword (elec)
rCold    . . .     Gourm    .   (no shield)
rNeg     . . .     Faith    .   a - +0 robe
rPois    .         Spirit   .   (no helmet)
rElec    .         Reflect  .   (no cloak)
rCorr    .         Harm     .   (no gloves)
MR       .....                  (no boots)
Stlth    ++........             (no amulet)
HPRegen  0.08/turn              (no ring)
MPRegen  0.12/turn              (no ring)

@: drained
A: no striking features
a: no special abilities


You were on level 3 of the Dungeon.
You were not hungry.

You visited 1 branch of the dungeon, and saw 3 of its levels.

You collected 99 gold pieces.

Inventory:

Hand Weapons
 g - a +2 short sword of electrocution (weapon)
Armour
 a - a +0 robe (worn)
 p - a scarf of spirit shield
Scrolls
 h - a scroll of enchant weapon {unknown}
 j - a scroll of remove curse {unknown}
 m - a scroll of immolation {unknown}
Potions
 d - 5 potions of curing
 f - 2 potions of agility
 k - a potion of heal wounds {unknown}
 l - 2 potions of mutation
 n - a potion of lignification {unknown}
 o - a potion of ambrosia {unknown}
Comestibles
 c - 7 rations


   Skills:
 + Level 3.3(2.9) Dodging
 - Level 2.4(2.0) Stealth
 - Level 3.0(2.5) Spellcasting
 + Level 2.2(1.8) Conjurations
 * Level 4.1(3.7) Air Magic


You had 8 spell levels left.
You knew the following spells:

 Your Spells              Type           Power        Failure   Level  Hunger
a - Shock                 Conj/Air       ##..         4%          1    None

Your spell library contained the following spells:

 Spells                   Type           Power        Failure   Level  Hunger
 Swiftness                Chrm/Air       ##......     10%         2    ##.....
 Static Discharge         Conj/Air       ##......     13%         3    ###....
 Airstrike                Air            ###.......   30%         4    ####...
 Lightning Bolt           Conj/Air       ##........   77%         5    ######.


Dungeon Overview and Level Annotations

Branches:
Dungeon (3/15)

Altars:
Ashenzari
Uskayaw


Message History

The orc priest calls down the wrath of Beogh upon you.
Pain shoots through your body!
* * * LOW HITPOINT WARNING * * *
Casting: Shock (safe; 4% risk of failure)
Confirm with . or Enter, or press ? or * to list all spells.
Aiming: Shock (safe; 4% risk of failure)
Press: ? - help, Shift-Dir - straight line, f/p - orc priest
Aim: an orc priest, wielding a club (moderately wounded)
The zap hits the orc priest.
The orc priest is severely wounded.
The orc priest closely misses you.
Casting: Shock (safe; 4% risk of failure)
Confirm with . or Enter, or press ? or * to list all spells.
Aiming: Shock (safe; 4% risk of failure)
Press: ? - help, Shift-Dir - straight line, f/p - orc priest
Aim: an orc priest, wielding a club (severely wounded)
The zap hits the orc priest.
The orc priest is severely wounded.
The orc priest hits you with a club.
You die...

#.......##
#.........
#..o....#
#.......#
#.......#
#.......#
#..†..!.##
#.@o......
##.####...
#.# $.#
###


You could see an orc priest and an orc.

Vanquished Creatures
  Jessica (D:2)
  2 dart slugs (D:2)
  3 orcs (D:2)
  10 bats
  2 hobgoblins
  4 jackals (D:2)
  A ball python (D:1)
  A frilled lizard (D:2)
  7 goblins
  4 kobolds (D:2)
  6 rats
41 creatures vanquished.

Notes
Turn   | Place    | Note
-------+----------+-------------------------------------------
     0 | D:1      | RoseArtemis the Deep Elf Air Elementalist began the quest
                  | for the Orb.
     0 | D:1      | Reached XP level 1. HP: 10/10 MP: 6/6
   337 | D:1      | Reached XP level 2. HP: 15/15 MP: 4/8
   809 | D:2      | Found a shattered altar of Ashenzari.
   827 | D:2      | Noticed Jessica
   831 | D:2      | Killed Jessica
   831 | D:2      | Reached XP level 3. HP: 19/19 MP: 4/9
  1144 | D:2      | Reached skill level 4 in Air Magic
  1538 | D:2      | Found a hide-covered altar of Uskayaw.
  1798 | D:2      | Reached XP level 4. HP: 1/24 MP: 2/10
  2223 | D:3      | Slain by an orc priest

Vault maps used:
D:1:      onia_arrival_mini_spirals
D:2:      ashenzari_conservatory_becter, eat_drink_and_be_merry_uskayaw,
          uniq_jessica
D:3:      first_ration, ebering_ghost_sewer_f, uniq_grinder, uniq_terence

Skill      XL: |  1  2  3 |
---------------+----------+-----
Dodging        | 3 |  3.3
Conjurations   | 2 |  2.2
Air Magic      | 4 |  4.1
Stealth        | |  2.4
Spellcasting   | |  3.0

Action                   |  1- 3 |  4- 6 || total
-------------------------+-------+-------++-------
 Cast: Shock             |    66 |    12 ||    78
  Use: Scroll            |     5 |       ||     5
  Eat: Chunk             |     2 |     2 ||     4
Dodge: Dodged            |     9 |     9 ||    18

Table legend:
 A = Non-vault XP
 B = Vault XP
 C = Vault XP percentage of total XP
 D = Non-vault monster count
 E = Vault monster count
 F = Vault count percentage of total count
                 A         B        C        D         E       F
            +---------+---------+-------+---------+---------+-------
      Total |      69 |      37 |  34.9 |      40 |       1 |   2.4
            +---------+---------+-------+---------+---------+-------
        D:1 |      19 |       0 |   0.0 |      13 |       0 |   0.0
        D:2 |      46 |      37 |  44.6 |      25 |       1 |   3.8
        D:3 |       4 |       0 |   0.0 |       2 |       0 |   0.0
            +---------+---------+-------+---------+---------+-------
